AoeStats
← 菜就怪隊友

African Clearing

506075057Analyzed
4v4 RM · 19d ago on Sep 12, 2026· 45m 33s· 8 players
Game mode
Random Map
Map size
Large (8 player)
Population
200
Speed
Normal
Resources
Standard
Victory
Conquest
Starting age
Dark Age
Ending age
Imperial Age
RankedLock teamsTeams togetherTeam positionsShared explorationLock speedFull tech treeHidden civsTurbo modeCheats
Victory
Defeat
🇸🇬 Britons · Singapore
1753
+7
🇹🇷 Koreans · Türkiye
1656
+11
🇩🇪 Huns · Germany
1611
+12
🇻🇳 Magyars · Vietnam
1591
+13
🇨🇳 Gurjaras · China
1634
-14
🇺🇸 Jurchens · United States
1565
-12
🇹🇷 Huns · Türkiye
1482
-9
🇹🇼 Koreans · Taiwan
1458
-8
Ainz_Own_Goal
14:03 Feudal Age
13:28 Loom
18:17 Castle Age
16:40 Double-Bit Axe
18:07 Fletching
18:55 Bodkin Arrow
20:59 Crossbowman
28:15 Ballistics
30:26 Thumb Ring
34:53 Horse Collar
37:10 Heavy Plow
41:47 Imperial Age
39:50 Gold Mining
41:50 Gold Shaft Mining
41:07 Stone Mining
41:56 Wheelbarrow
42:01 Pikeman
42:42 Squires
43:47 Halberdier
44:33 Scale Mail Armor
44:44 Forging
44:23 Arbalester
45:55 Bracer
46:27 Hand Cart
DoubleZX
10:34 Loom
13:01 Feudal Age
17:01 Castle Age
16:45 Fletching
17:44 Town Watch
18:59 Wheelbarrow
23:57 Bodkin Arrow
24:03 Padded Archer Armor
26:04 Ballistics
27:15 Leather Archer Armor
28:27 Bloodlines
28:57 Gold Mining
29:09 Husbandry
30:26 Stone Mining
37:01 Imperial Age
34:39 Horse Collar
37:04 Scale Barding Armor
37:15 Double-Bit Axe
38:11 Conscription
38:24 Bracer
38:25 Cavalier
41:31 Heavy Plow
41:44 Bow Saw
41:51 Hand Cart
42:09 Forging
44:33 Chain Barding Armor
44:34 Marauders
45:20 Gold Shaft Mining
46:30 Plate Barding Armor
timembh
9:22 Loom
12:00 Feudal Age
13:01 Double-Bit Axe
16:41 Wheelbarrow
18:58 Town Watch
24:10 Castle Age
22:58 Fletching
28:59 Bow Saw
28:44 Horse Collar
36:49 Scale Barding Armor
38:36 Chain Barding Armor
38:45 Bloodlines
38:35 Husbandry
39:43 Husbandry
41:29 Gold Mining
41:30 Stone Mining
41:43 Heavy Plow
45:48 Hand Cart
Vegeta
5:36 Loom
13:19 Feudal Age
14:31 Double-Bit Axe
17:04 Castle Age
18:08 Bow Saw
17:48 Horse Collar
18:50 Heavy Plow
20:51 Wheelbarrow
31:33 Imperial Age
28:30 Crossbowman
29:13 Fletching
29:45 Ballistics
29:34 Padded Archer Armor
30:06 Hand Cart
29:53 Gold Mining
30:02 Stone Mining
30:31 Bodkin Arrow
30:38 Padded Archer Armor
31:58 Gold Shaft Mining
32:12 Leather Archer Armor
31:39 Arbalester
32:28 Bracer
33:21 Conscription
34:08 Chemistry
33:17 Town Watch
34:14 Yeomen
34:55 Ring Archer Armor
35:27 Two-Man Saw
34:47 Pikeman
35:28 Squires
35:13 Arson
35:29 Scale Mail Armor
35:08 Elite Longbowman
35:21 Halberdier
36:54 Chain Mail Armor
36:50 Forging
38:22 Plate Mail Armor
39:21 Iron Casting
39:52 Warwolf
40:27 Siege Engineers
40:33 Masonry
40:03 Treadmill Crane
41:43 Murder Holes
42:25 Coinage
42:23 Town Patrol
44:16 Hoardings
45:28 Architecture
46:41 Blast Furnace
ashleylynn
6:24 Loom
12:29 Feudal Age
13:00 Town Watch
13:09 Double-Bit Axe
22:23 Wheelbarrow
29:36 Castle Age
36:45 Fletching
37:58 Fortified Bastions
38:45 Bodkin Arrow
42:07 Bow Saw
44:51 Masonry
菜就怪隊友
5:13 Loom
13:33 Feudal Age
18:23 Castle Age
16:15 Double-Bit Axe
17:14 Fletching
19:08 Bodkin Arrow
20:32 Fishing Lines
28:17 Wheelbarrow
28:08 Horse Collar
28:27 Gillnets
29:51 Bow Saw
31:02 Town Watch
33:33 Ballistics
36:00 Imperial Age
34:22 Gold Mining
35:16 Eupseong
35:48 Hand Cart
37:55 Chemistry
37:32 Gold Shaft Mining
38:07 Bracer
39:02 Conscription
40:41 Elite War Wagon
41:36 Arrowslits
44:29 Two-Man Saw
44:34 Horse Collar
44:24 Elite Skirmisher
MuRoo*
7:33 Loom
12:24 Feudal Age
17:15 Castle Age
16:41 Double-Bit Axe
33:39 Scale Barding Armor
35:03 Forging
36:16 Chain Barding Armor
39:14 Wheelbarrow
38:50 Bow Saw
38:22 Horse Collar
39:17 Gold Mining
39:30 Heavy Plow
41:55 Iron Casting
我是你巴巴
13:47 Feudal Age
14:48 Town Watch
17:48 Castle Age
15:44 Horse Collar
17:26 Double-Bit Axe
18:01 Loom
20:41 Wheelbarrow
24:14 Bow Saw
29:28 Bloodlines
29:48 Husbandry
31:27 Heavy Plow
33:35 Kshatriyas
37:51 Imperial Age
36:47 Scale Barding Armor
36:53 Forging
36:53 Gold Mining
38:06 Chain Barding Armor
39:00 Hand Cart
38:14 Elite Shrivamsha Rider
39:24 Conscription
43:41 Iron Casting
43:19 Heavy Camel Rider
Connection lost

Rejoining the realm…

Still unreachable

The connection could not be restored.

Session expired

The server has moved on; the page needs a fresh start.